 Dungeon Crawl Stone Soup version 0.17-a0-1397-g0eee0a3 (webtiles) character file.

66 bal the Insei (level 4, 0/24 HPs)
             Began as a Vine Stalker Monk on June 17, 2015.
             Slain by a gnoll
             ... wielding a +0 halberd
              (15 damage)
             ... on level 2 of the Dungeon.
             The game lasted 00:03:32 (1114 turns).

bal the Insei (Vine Stalker Monk)                   Turns: 1114, Time: 00:03:32

Health: 0/24       AC:  2    Str: 14    XL:     4   Next: 15%
Magic:  0/5        EV: 13    Int: 10    God:
Gold:   52         SH:  0    Dex: 17    Spells: 0 memorised, 3 levels left

rFire  . . .     SeeInvis .     g - +0 dagger
rCold  . . .     Clarity  .     a - +0 robe
rNeg   . . .     SustAt   .     (no shield)
rPois  .         Gourm    .     (no helmet)
rElec  .         Spirit   +     (no cloak)
rCorr  .         Warding  .     (no gloves)
rMut   .         Stasis   .     (no boots)
MR     .....                    (no amulet)
Stlth  +++.......               (no ring)
                                (no ring)

@: not resistant to hostile enchantments, fairly stealthy
A: fangs 2, regeneration 1, magic shield, antimagic bite, no device heal 3, rot
immunity
a: no special abilities


You were on level 2 of the Dungeon.
You were not hungry.

You visited 1 branch of the dungeon, and saw 2 of its levels.

You collected 52 gold pieces.

Inventory:

Hand weapons
 g - a +0 dagger (weapon)
Missiles
 d - 8 steel sling bullets
Armour
 a - a +0 robe (worn)
 n - a +0 large shield
Scrolls
 f - 3 scrolls of identify {unknown}
 h - a scroll of amnesia {unknown}
 i - 4 scrolls of remove curse {unknown}
 l - a scroll of teleportation {unknown}
Potions
 c - a potion of cancellation {unknown}
 e - a potion of resistance {unknown}
 j - 2 potions of curing {unknown}
 k - a potion of haste {unknown}
 m - 2 potions of heal wounds {unknown}
Comestibles
 b - a bread ration
 o - a chunk of flesh


   Skills:
 + Level 3.2 Fighting
 + Level 0.8 Short Blades
 + Level 2.7 Dodging
 + Level 3.3 Stealth
 + Level 4.4 Unarmed Combat


You had 3 spell levels left.
You didn't know any spells.

Dungeon Overview and Level Annotations

Branches:
Dungeon (2/15)

Altars:
Ashenzari
Elyvilon

Annotations:
D:2 Natasha


Innate Abilities, Weirdness & Mutations

You have extremely sharp teeth.
Your natural rate of healing is unusually fast.
When hurt, damage is shared between your health and your magic reserves.
Your bite disrupts and absorbs the magic of your enemies.
Potions and wands cannot restore your health.
You are immune to rotting.


Message History

Natasha stares at you and mumbles some strange words.
You resist with some effort. The gnoll barely misses you.
There is a stone staircase leading up here.
You hit Natasha.
Natasha is moderately wounded.
The gnoll closely misses you. Natasha casts a spell at you.
The magic dart hits you!
You hit Natasha.
Natasha is heavily wounded.
Natasha mumbles some strange words.
The gnoll hits you with a halberd!
You completely miss Natasha.
Natasha is heavily wounded.
Natasha barely misses you.
You hit Natasha.
Natasha is heavily wounded.
The gnoll hits you with a halberd!
Ouch! That really hurt!
You die...

### #..# ##.# ## #..# #<##
###.# #..# ##########.#
#.#.# #..# ...........#
#.#.#######..# .###########
##.#.......g55# .#
#.......####)## .#
#####.5.....# #.# .#
#.....@h....####.# .#
#....g>..........#
###########..##......(######
......................#
#.(..........##.......#
..########...#####.####
......# #...# #.# ..###.#
#...#####.# ...##.#
#.........#


You could see Natasha, a gnoll and a shadow imp.

Vanquished Creatures
  Natasha (D:2)
  2 gnolls (D:2)
  An ooze (D:1)
  A bat (D:1)
  2 goblins (D:1)
  4 hobgoblins (D:1)
  2 giant cockroaches
  5 giant newts (D:1)
  2 kobolds
  A quokka (D:2)
21 creatures vanquished.

Notes
Turn   | Place    | Note
--------------------------------------------------------------
     0 | D:1      | bal the Vine Stalker Monk began the quest for the Orb.
     0 | D:1      | Reached XP level 1. HP: 11/11 MP: 2/2
   266 | D:1      | Found a shattered altar of Ashenzari.
   337 | D:1      | Reached XP level 2. HP: 16/16 MP: 3/3
   737 | D:2      | Noticed Natasha
   753 | D:2      | Killed Natasha
   753 | D:2      | Reached XP level 3. HP: 20/20 MP: 4/4
   901 | D:2      | Found a white marble altar of Elyvilon.
   989 | D:2      | Noticed Natasha
  1024 | D:2      | HP: 1/20 [gnoll/club (2)]
  1026 | D:2      | Reached XP level 4. HP: 1/24 MP: 1/5
  1114 | D:2      | Slain by a gnoll

Vault maps used:
D:1:      dpeg_arrival_simpleton_b, ashenzari_altar_1
D:2:      kennysheep_six_static_rooms, elyvilon_altar_1, minmay_misc_feat_iff,
          uniq_terence, uniq_iyjb, uniq_natasha

Action                   |  1- 3 |  4- 6 || total
-------------------------+-------+-------++-------
Melee: Dagger            |    62 |     4 ||    66
       Unarmed           |     5 |       ||     5
 Stab: Sleeping          |     8 |       ||     8
  Eat: Chunk             |       |     1 ||     1
